 Dungeon Crawl Stone Soup version 0.16.1-7-g2c6721e (webtiles) character file.

23333 valak23 the Cleaver (level 12, -3/116 HPs)
             Began as a Yellow Draconian Berserker on Mar 29, 2015.
             Was a High Priest of Trog.
             Shot with a poisoned arrow by Nessos (4 damage)
             ... on level 4 of the Orcish Mines.
             The game lasted 01:13:26 (16495 turns).

valak23 the Cleaver (Yellow Draconian Berserker)   Turns: 16495, Time: 01:13:28

Health: -3/116     AC: 12    Str: 23      XL:     12   Next: 70%
Magic:  13/13      EV: 16    Int:  9      God:    Trog [*****.]
Gold:   1309       SH: 15    Dex: 12 (13) Spells: 0 memorised, 11 levels left

rFire  . . .     SeeInvis .     D - +7 war axe of Wrongful Imprisonment {flame, rElec}
rCold  . . .     Clarity  .     (armour unavailable)
rNeg   . . .     SustAb   .     m - +4 shield
rPois  +         Gourm    .     (helmet restricted)
rElec  +         Spirit   .     A - +2 cloak
rCorr  +         Warding  .     b - +0 pair of gloves
rMut   .         Stasis   .     (no boots)
MR     +++..                    (no amulet)
Stlth  ++........               f - ring of protection from magic
                                C - +2 ring of dexterity

@: lethally poisoned (-3 -> -3), exhausted, regenerating, slowed, very slow,
extremely resistant to hostile enchantments, unstealthy
A: spit acid, acid resistance, unfitting armour, breathe flames 1, deterioration
1, high mp 1, poison resistance, robust 1, cold-blooded, AC +8
a: Spit Acid, Burn Spellbooks, Berserk, Trog's Hand, Brothers in Arms, Renounce
Religion, Breathe Fire


You were on level 4 of the Orcish Mines.
You worshipped Trog.
Trog was extremely pleased with you.
You were full.

You visited 4 branches of the dungeon, and saw 16 of its levels.

You collected 2254 gold pieces.
You spent 945 gold pieces at shops.

Inventory:

Hand weapons
 a - a +0 battleaxe
 e - a cursed +2 halberd of venom
 q - a +3 war axe of flaming
 t - the +6 dire flail of the Bear {crush, rF- rN+ MR+ Int+4 Dex-4}
   (You took it off an orc on level 6 of the Dungeon)

   It inflicts extra damage upon your enemies.
   It affects your intelligence (+4).
   It affects your dexterity (-4).
   It makes you vulnerable to fire.
   It protects you from negative energy.
   It affects your resistance to hostile enchantments.
 x - a +5 short sword of electrocution
 B - a +5 antimagic battleaxe
 D - the +7 war axe of Wrongful Imprisonment (weapon) {flame, rElec}
   (Trog gifted it to you on level 7 of the Dungeon)

   It has been specially enchanted to burn those struck by it, causing extra
   injury to most foes and up to half again as much damage against particularly
   susceptible opponents.
   Big, fiery blades are also staple armaments of hydra-hunters.
   It insulates you from electricity.
 J - a +2 eveningstar of draining
 M - a +1 antimagic broad axe
Missiles
 l - 7 poisoned javelins (quivered)
 z - 3 tomahawks of returning
Armour
 b - a +0 pair of gloves (worn)
 m - a +4 shield (worn)
 A - a +2 cloak (worn)
 L - a +0 shield
Jewellery
 d - an uncursed ring of flight
 f - a ring of protection from magic (right hand)
 u - an uncursed ring of stealth
 C - a +2 ring of dexterity (left hand)
 H - an uncursed ring of protection from fire
 N - an uncursed ring of magical power
Magical devices
 i - a wand of fire (10)
 o - a wand of enslavement (12)
 p - a wand of magic darts (32)
 r - a wand of slowing (27)
 w - a wand of draining (7)
Scrolls
 c - a scroll of magic mapping
 h - 2 scrolls of blinking
 j - 2 scrolls of fog
 k - 2 scrolls of recharging
 s - 5 scrolls of remove curse
 O - a scroll of teleportation
 Q - a scroll of fear
Potions
 n - 3 potions of agility
 v - a potion of brilliance
 I - a potion of berserk rage
Miscellaneous
 y - a phial of floods
Comestibles
 g - 11 fruits
 F - 5 slices of pizza
 G - a beef jerky
 K - a meat ration


   Skills:
 + Level 9.6 Fighting
 * Level 14.5 Axes
 + Level 10.9 Dodging
 - Level 1.2 Stealth
 + Level 6.7 Shields


You had 11 spell levels left.
You didn't know any spells.

Dungeon Overview and Level Annotations

Branches:
Dungeon (10/15)            Temple (1/1) D:6            Lair (1/8) D:10
    Orc (4/4) D:10            Elf (0/3) Orc:3

Altars:
Ashenzari
Cheibriados
Dithmenos
Elyvilon
Fedhas
Gozag
Kikubaaqudgha
Makhleb
Nemelex Xobeh
Okawaru
Qazlal
Ru
Sif Muna
Trog
Vehumet
Xom
Yredelemnul
Zin
The Shining One
Beogh

Shops:
D:9 *   Orc:2 [   Orc:4 ::%!

Annotations:
Orc:4 Nessos


Innate Abilities, Weirdness & Mutations

You can spit globs of acid.
You can corrode armour when you spit acid.
You are resistant to acid.
Your golden yellow scales are hard (AC +8).
Your body does not fit into most forms of armour.
Your cold-blooded metabolism reacts poorly to cold.
You can breathe flames.
Your body is slowly deteriorating.
You have an increased reservoir of magic (+10% MP).
Your system is resistant to poisons.
You are robust (+10% HP).


Message History

Nessos wields an uncursed longbow of flaming.
It bursts into flame!
Nessos shoots a poisoned arrow.
The poisoned arrow closely misses you.
Nessos shoots a poisoned arrow.
The poisoned arrow hits you!!
* * * LOW HITPOINT WARNING * * *
The poisoned arrow burns you.
* * * LOW HITPOINT WARNING * * *
You feel sick.
Nessos pounds the earth with his hooves.
Nessos shoots a poisoned arrow.
The poisoned arrow hits your ogre!! The poisoned arrow burns your ogre!
Your ogre dies!
Your ogre's corpse disappears in a puff of smoke!
Use which ability? (? or * to list)
Your iron troll goes berserk!
You feel somewhat less full.
You feel sick.
Nessos shoots a poisoned arrow.
The poisoned arrow hits you!!
* * * LOW HITPOINT WARNING * * *
The poisoned arrow burns you.
You die...

..........##..#..
#.............# .
###.........c...#..
##..$...).#.(........
#....#..(............ ##
#......((.(.........
##.##...#.$..(.(........
#...##.###.....(........
##..####..#...@.........
#....#....)..T..........
##.........#............
###.....................#
#.....................##
###.#...................#
##......................#
#.......................#
##.##.#........)........#


You could see Nessos and a friendly iron troll (berserk).

Vanquished Creatures
  An ogre mage (Orc:4)
  Erica (Orc:2)
  2 deep trolls (Orc:4)
  A hill giant (Orc:4)
  Pikel (D:4)
  An orc sorcerer (Orc:2)
  An orc knight (Orc:2)
  A cyclops (D:8)
  A centaur zombie (D:10)
  A black mamba (Lair:1)
  A centaur skeleton (D:10)
  2 spiny frogs (Lair:1)
  3 trolls
  Grinder (D:3)
  A two-headed ogre (Orc:4)
  Prince Ribbit (D:5)
  A komodo dragon (Lair:1)
  A basilisk (D:10)
  2 steam dragons (D:8)
  Eustachio (D:5)
  Sigmund (D:4)
  A human (D:7)
  A wyvern (D:9)
  A neqoxec (Orc:3)
  3 wargs
  3 hippogriffs
  Edmund (D:7)
  3 water moccasins
  A porcupine (Lair:1)
  2 ice beasts
  5 sky beasts
  14 orc warriors
  2 phantoms
  15 ogres
  A black bear (D:6)
  2 necrophages (D:8)
  A centaur (D:7)
  The ghost of Zigurun the Sneak, an average DsAs of Ashenzari (D:5)
  3 crocodiles
  A big kobold (D:8)
  4 giant frogs
  Blork the orc (D:8)
  A water moccasin skeleton (D:6)
  6 killer bees
  3 scorpions
  4 wights (D:8)
  7 hounds
  20 orc priests
  4 crimson imps
  6 jellies
  3 iguanas
  Crazy Yiuf (D:3)
  5 goliath beetles
  7 worker ants
  26 orc wizards
  Natasha (D:3)
  4 sheep (D:7)
  7 river rats
  13 adders
  2 giant mites
  3 white imps (Lair:1)
  5 worms
  An adder zombie (D:6)
  2 adder skeletons
  4 giant geckos
  171 orcs
  3 ball pythons
  14 bats
  5 giant cockroaches
  21 goblins
  24 hobgoblins
  12 quokkas
  3 giant newts
  10 jackals
  2 jackal zombies
  19 kobolds
  18 rats
  3 fungi (D:3)
  2 plants (D:10)
534 creatures vanquished.

Vanquished Creatures (collateral kills)
  Donald (Orc:4)
  An orc warlord (Orc:3)
  An ogre mage (Orc:4)
  An orc high priest (Orc:3)
  An orc sorcerer (Orc:4)
  2 hill giants
  2 cyclopes (Orc:4)
  5 two-headed ogres (Orc:4)
  6 trolls (Orc:4)
  Sonja (Orc:3)
  Menkaure (D:5)
  A porcupine (D:10)
  9 ogres
  6 orc warriors
  A phantom (D:5)
  3 centaurs (D:5)
  A scorpion (D:5)
  A hound (D:5)
  4 crimson imps
  A worker ant (D:5)
  2 orc priests
  3 orc wizards
  3 sheep (D:10)
  Ijyb (D:5)
  An adder (D:5)
  2 river rats (D:10)
  9 white imps (Lair:1)
  27 orcs
  A bat (D:5)
  A goblin (D:5)
  A hobgoblin (Orc:4)
  A jackal zombie (D:5)
  A quokka (D:5)
  A rat (D:10)
103 creatures vanquished.

Vanquished Creatures (others)
  A two-headed ogre (D:5)
  A troll (Orc:4)
  A slave (D:4)
  4 ogres
  A crimson imp (D:5)
  A giant newt (D:4)
9 creatures vanquished.

Grand Total: 646 creatures vanquished

Notes
Turn   | Place    | Note
--------------------------------------------------------------
     0 | D:1      | valak23, the Draconian Berserker, began the quest for the Orb.
     0 | D:1      | Reached XP level 1. HP: 19/19 MP: 1/1
   209 | D:1      | Reached XP level 2. HP: 26/26 MP: 2/2
   619 | D:1      | Acquired Trog's second power
   774 | D:1      | Reached XP level 3. HP: 23/31 MP: 3/3
  1384 | D:2      | Reached skill level 4 in Axes
  1513 | D:2      | Reached XP level 4. HP: 40/40 MP: 4/4
  1850 | D:3      | Noticed Grinder
  1868 | D:3      | Killed Grinder
  1868 | D:3      | Reached XP level 5. HP: 42/47 MP: 5/5
  1868 | D:3      | Reached XP level 6. HP: 47/53 MP: 6/6
  2282 | D:3      | Noticed Natasha
  2286 | D:3      | Killed Natasha
  2286 | D:3      | Reached skill level 5 in Axes
  2308 | D:3      | Found a glowing silver altar of Zin.
  2311 | D:3      | Found a sacrificial altar of Ru.
  2314 | D:3      | Found a white marble altar of Elyvilon.
  2316 | D:3      | Found a shadowy altar of Dithmenos.
  2317 | D:3      | Found a basalt altar of Yredelemnul.
  2319 | D:3      | Found a shimmering altar of Xom.
  2320 | D:3      | Found a snail-covered altar of Cheibriados.
  2567 | D:3      | Noticed Crazy Yiuf
  2576 | D:3      | Killed Crazy Yiuf
  2758 | D:4      | Reached skill level 1 in Stealth
  2947 | D:4      | Gained mutation: You can breathe flames. [potion of beneficial mutation]
  3016 | D:4      | Your scales start taking on a golden yellow colour.
  3016 | D:4      | Reached XP level 7. HP: 32/60 MP: 7/7
  3084 | D:4      | Noticed Pikel
  3103 | D:4      | Killed Pikel
  3103 | D:4      | Reached skill level 5 in Fighting
  3103 | D:4      | Reached skill level 6 in Axes
  3103 | D:4      | Reached skill level 5 in Dodging
  3122 | D:4      | Noticed Sigmund
  3141 | D:4      | Killed Sigmund
  3141 | D:4      | Reached XP level 8. HP: 18/69 MP: 8/8
  3560 | D:5      | Entered Level 5 of the Dungeon
  3584 | D:5      | Reached skill level 7 in Axes
  3588 | D:5      | Acquired Trog's third power
  3651 | D:5      | Noticed Prince Ribbit
  3665 | D:5      | Killed Prince Ribbit
  3802 | D:5      | Noticed Zigurun's ghost (average DsAs)
  3810 | D:5      | Killed Zigurun's ghost
  3918 | D:5      | Reached skill level 1 in Shields
  4047 | D:5      | Reached skill level 8 in Axes
  4299 | D:5      | Noticed Ijyb
  4305 | D:5      | Noticed Menkaure
  4313 | D:5      | Reached XP level 9. HP: 48/75 MP: 9/9
  4315 | D:5      | Killed Ijyb
  4318 | D:5      | Killed Menkaure
  4378 | D:5      | Noticed Eustachio
  4402 | D:5      | Killed Eustachio
  5033 | D:6      | Found a runed door.
  5077 | D:6      | Reached skill level 9 in Axes
  5125 | D:6      | Got an ichor-stained dire flail
  5143 | D:6      | Found a roughly hewn altar of Beogh.
  5184 | D:6      | Identified the +6 dire flail of the Bear {crush, rF- rN+ MR+ Int+4 Dex-4} (You took it off an orc on level 6 of the Dungeon)
  6179 | D:6      | Found a staircase to the Ecumenical Temple.
  6194 | Temple   | Entered the Ecumenical Temple
  6599 | D:6      | Gained mutation: You have an increased reservoir of magic (+10% MP). [mutagenic meat]
  7143 | D:7      | Reached XP level 10. HP: 59/86 MP: 11/11
  7287 | D:7      | Noticed Edmund
  7300 | D:7      | Killed Edmund
  7843 | D:6      | Reached skill level 10 in Axes
  8250 | D:7      | Received a gift from Trog
  8251 | D:7      | Got a translucent war axe {god gift}
  8253 | D:7      | Identified the +7 war axe of Wrongful Imprisonment {flame, rElec} (Trog gifted it to you on level 7 of the Dungeon)
  8782 | D:8      | Noticed Blork the orc
  8793 | D:8      | Killed Blork the orc
  9055 | D:8      | Noticed a cyclops
  9064 | D:8      | Killed a cyclops
  9571 | D:9      | Found Troxke Froff's General Store.
  9623 | D:9      | Bought a scroll of identify for 24 gold pieces
  9623 | D:9      | Bought a meat ration for 60 gold pieces
  9623 | D:9      | Bought a potion of curing for 36 gold pieces
  9877 | D:9      | Reached skill level 11 in Axes
 10382 | D:10     | Entered Level 10 of the Dungeon
 10584 | D:10     | Found a staircase to the Orcish Mines.
 10746 | D:10     | Found a staircase to the Lair.
 10746 | D:10     | Noticed a hill giant
 10749 | D:10     | Killed a hill giant
 10752 | D:10     | Reached XP level 11. HP: 94/94 MP: 12/12
 10782 | D:10     | Received a gift from Trog
 11367 | Lair:1   | Entered Level 1 of the Lair of Beasts
 11767 | Lair:1   | Got a polished scale mail
 12358 | Lair:1   | Reached skill level 12 in Axes
 12401 | Lair:1   | Received a gift from Trog
 12614 | Lair:1   | Reached skill level 10 in Dodging
 12878 | Lair:1   | Reached skill level 5 in Shields
 13073 | Orc:1    | Entered Level 1 of the Orcish Mines
 13552 | Orc:2    | Noticed Erica
 13836 | Orc:2    | Received a gift from Trog
 13845 | Orc:2    | Found a roughly hewn altar of Beogh.
 13904 | Orc:2    | Found Ybry's Antique Armour Shoppe.
 14275 | Orc:2    | Killed Erica
 14858 | Orc:3    | Noticed Sonja
 14869 | Orc:3    | Killed Sonja
 14945 | Orc:3    | Received a gift from Trog
 14945 | Orc:3    | Reached skill level 13 in Axes
 15087 | Orc:3    | Noticed an orc warlord
 15100 | Orc:3    | Killed an orc warlord
 15128 | Orc:3    | Found a staircase to the Elven Halls.
 15225 | Orc:3    | Noticed an orc high priest
 15238 | Orc:3    | Gained mutation: Your body is slowly deteriorating. [a neqoxec]
 15243 | Orc:3    | Killed an orc high priest
 15243 | Orc:3    | Reached XP level 12. HP: 60/103 MP: 13/13
 15693 | Orc:4    | Entered Level 4 of the Orcish Mines
 15865 | Orc:4    | Noticed Donald
 15875 | Orc:4    | Killed Donald
 15973 | Orc:4    | Received a gift from Trog
 15989 | Orc:4    | Noticed an ogre mage
 16010 | Orc:4    | Paralysed by an ogre mage for 2 turns
 16018 | Orc:4    | Killed an ogre mage
 16213 | Orc:4    | Found Cass' Food Boutique.
 16213 | Orc:4    | Noticed an ogre mage
 16228 | Orc:4    | Reached skill level 14 in Axes
 16257 | Orc:4    | Killed an ogre mage
 16260 | Orc:4    | Received a gift from Trog
 16318 | Orc:4    | Found Facashry's Distillery.
 16319 | Orc:4    | Found Utiuf's Book Emporium.
 16346 | Orc:4    | Found Icau's Book Boutique.
 16383 | Orc:4    | Bought a potion of beneficial mutation for 385 gold pieces
 16383 | Orc:4    | Bought a potion of heal wounds for 55 gold pieces
 16383 | Orc:4    | Bought a potion of beneficial mutation for 385 gold pieces
 16391 | Orc:4    | Gained mutation: Your system is resistant to poisons. [potion of beneficial mutation]
 16392 | Orc:4    | Gained mutation: You are robust (+10% HP). [potion of beneficial mutation]
 16476 | Orc:4    | Noticed Nessos
 16495 | Orc:4    | HP: 1/116 [Nessos/poisoned arrow (18)]
 16495 | Orc:4    | Shot with a poisoned arrow by Nessos

Action                   |  1- 3 |  4- 6 |  7- 9 | 10-12 || total
-------------------------+-------+-------+-------+-------++-------
Melee: Hand axe          |   104 |   165 |   558 |     1 ||   828
       War axe           |       |       |       |   674 ||   674
       Broad axe         |       |       |       |    74 ||    74
Throw: Javelin           |       |       |       |     1 ||     1
Invok: Trog's Hand       |     1 |     2 |     7 |     8 ||    18
       Berserk           |     1 |     2 |     4 |     5 ||    12
       Brothers in Arms  |       |       |     3 |    15 ||    18
       Burn Spellbooks   |       |       |       |     1 ||     1
 Abil: Spit Acid         |       |       |    10 |     4 ||    14
       Breathe Fire      |       |       |     1 |     2 ||     3
       Evoke Flight      |       |       |     1 |       ||     1
  Use: Scroll            |     4 |    10 |     6 |    15 ||    35
       Potion            |       |    10 |     2 |     9 ||    21
 Stab: Sleeping          |       |       |     1 |     2 ||     3
       Distracted        |       |       |       |     1 ||     1
  Eat: Bread ration      |     1 |     2 |     1 |     4 ||     8
       Fruit             |       |     1 |     4 |       ||     5
       Meat ration       |       |       |     2 |     3 ||     5
       Beef jerky        |       |       |     3 |     2 ||     5
       Royal jelly       |       |       |     1 |     1 ||     2
       Chunk             |       |       |     1 |       ||     1
       Pizza             |       |       |       |     2 ||     2
